 Dungeon Crawl Stone Soup version 0.18-a0-142-gfdd910a (webtiles) character file.

2 Duffy the Chucker (level 1, -1/16 HPs)
             Began as a Formicid Hunter on Nov 23, 2015.
             Slain by a giant gecko (5 damage)
             ... on level 1 of the Dungeon.
             The game lasted 00:00:13 (357 turns).

Duffy the Chucker (Formicid Hunter)                  Turns: 357, Time: 00:00:13

Health: -1/16      AC:  3    Str: 16    XL:     1   Next: 44%
Magic:  1/1        EV: 12    Int: 10    God:
Gold:   14         SH:  0    Dex: 11    Spells: 0 memorised, 0 levels left

rFire  . . .     SeeInvis +     a - +0 short sword
rCold  . . .     Clarity  .     b - +0 leather armour
rNeg   . . .     SustAt   .     (no shield)
rPois  .         Gourm    .     (helmet unavailable)
rElec  .         Spirit   .     (no cloak)
rCorr  .         Warding  .     (no gloves)
rMut   .         Stasis   +     (no boots)
MR     .....                    (no amulet)
Stlth  +.........               (no ring)
                                (no ring)

@: not resistant to hostile enchantments, very unstealthy
A: permanent stasis, dig shafts and tunnels, four strong arms, antennae 3
a: Dig, Shaft Self


You were on level 1 of the Dungeon.
You were not hungry.

You visited 1 branch of the dungeon, and saw 1 of its levels.

You collected 14 gold pieces.


Innate Abilities, Weirdness & Mutations

You are under a permanent stasis effect.
You can dig through walls and to a lower floor.
Your four strong arms can wield two-handed weapons with a shield.
You have a pair of large antennae on your head (SInv).


   Skills:
 + Level 2.2 Fighting
 - Level 3.2 Throwing
 + Level 2.0 Dodging
 - Level 1.2 Stealth


You couldn't memorise any spells.
You didn't know any spells.

Inventory:

Hand Weapons
 a - a +0 short sword (weapon)
Missiles
 c - 6 javelins (quivered)
 d - 2 throwing nets
Armour
 b - a +0 leather armour (worn)
Potions
 g - a potion of heal wounds {unknown}
Comestibles
 e - a bread ration
 f - a beef jerky

Dungeon Overview and Level Annotations

Branches:
Dungeon (1/15)

Altars:


Message History

You are too injured to fight recklessly!
You are too injured to fight recklessly!
You are too injured to fight recklessly!
You are too injured to fight recklessly!
You are too injured to fight recklessly!
You are too injured to fight recklessly!
You are too injured to fight recklessly!
You are too injured to fight recklessly!
You are too injured to fight recklessly!
You are too injured to fight recklessly!
The bat hits you but does no damage. The bat closely misses you.
The bat barely misses you. The bat hits you but does no damage.
The bat misses you.
You hit the bat.
You kill the bat!
Your Dodging skill increases to level 2!
The bat closely misses you.
You hit the giant cockroach but do no damage.
The bat closely misses you. The giant gecko closely misses you.
The giant cockroach bites you. The giant gecko misses you.
You barely miss the giant cockroach. The giant cockroach barely misses you.
The bat hits you but does no damage. The giant gecko bites you.
The giant cockroach bites you but does no damage.
You closely miss the giant cockroach. The bat barely misses you.
The giant gecko bites you. The giant cockroach barely misses you.
You closely miss the giant cockroach.
The giant gecko bites you but does no damage.
The giant cockroach bites you but does no damage.
The bat barely misses you.
The giant gecko bites you but does no damage.
You hit the giant cockroach.
The giant cockroach is heavily wounded.
The bat hits you but does no damage. The giant cockroach barely misses you.
The giant gecko bites you.
You die...

(...# #..........#. ....#
#.........(#
....###.#........#
≈.≈.P##.#..........
≈.P...#.#........##
...P..#.#........#
P.≈..##.#........# ##
.P..≈.#.#)###########..##
....P.#.#.......@s.......
....P.#........b.l.###..#
.P.≈≈P############......#
..≈≈≈.# #.......# #######
#.....#.# #.....# {
......# { ......# ......#


You could see a giant gecko, a giant cockroach and a bat.

Action                   || total
-------------------------++-------
Melee: Short sword       ||    26

Notes
Turn   | Place    | Note
--------------------------------------------------------------
     0 | D:1      | Duffy the Formicid Hunter began the quest for the Orb.
     0 | D:1      | Reached XP level 1. HP: 16/16 MP: 1/1
   352 | D:1      | Reached skill level 2 in Dodging
   357 | D:1      | Slain by a giant gecko

Vault maps used:
D:1:      lemuel_arrival_muddy

Vanquished Creatures
  A hobgoblin
  A bat
  A rat
3 creatures vanquished.
